 Dungeon Crawl Stone Soup version 0.17-a0-1850-g688e747 (webtiles) character file.

941 kae the Spear-Bearer (level 8, 0/69 HPs)
             Began as a Naga Fighter on Sept 19, 2015.
             Slain by an ice beast (13 damage)
             ... on level 5 of the Dungeon.
             The game lasted 00:03:59 (4705 turns).

kae the Spear-Bearer (Naga Fighter)                 Turns: 4705, Time: 00:03:59

Health: 0/69       AC:  7    Str: 18    XL:     8   Next: 12%
Magic:  8/8        EV:  5    Int:  8    God:
Gold:   129        SH:  9    Dex: 14    Spells: 0 memorised, 7 levels left

rFire  . . .     SeeInvis +     a - +0 trident
rCold  . . .     Clarity  .     b - +0 scale mail
rNeg   . . .     SustAt   .     c - +0 shield
rPois  +         Gourm    .     (no helmet)
rElec  .         Spirit   .     v - +0 cloak
rCorr  .         Warding  .     (no gloves)
rMut   .         Stasis   .     (no barding)
MR     +....                    (no amulet)
Stlth  ..........               (no ring)
                                (no ring)

@: very slow, somewhat resistant to hostile enchantments, extremely unstealthy
A: see invisible, deformed body, poison resistance, slowness 2, slow metabolism
1, spit poison 2, AC +2
a: Spit Poison


You were on level 5 of the Dungeon.
You were hungry.

You visited 2 branches of the dungeon, and saw 6 of its levels.

You collected 129 gold pieces.

Inventory:

Hand weapons
 a - a +0 trident (weapon)
Armour
 b - a +0 scale mail (worn)
 c - a +0 shield (worn)
 v - a +0 cloak (worn)
Magical devices
 g - a wand of paralysis (9)
Scrolls
 k - 3 scrolls of identify
 l - a scroll of enchant weapon {unknown}
 m - a scroll of immolation
 s - a scroll of teleportation {unknown}
Potions
 d - a potion of heal wounds
 e - a potion of poison
 h - a potion of agility
 j - 4 potions of curing
 o - 2 potions of degeneration
 p - a potion of brilliance
 r - a potion of lignification
 t - a potion of flight {unknown}
Comestibles
 f - 2 meat rations
 i - 2 slices of pizza
 n - a beef jerky
 q - 4 bread rations
 u - 2 fruits


   Skills:
 - Level 3.0 Fighting
 + Level 9.3 Polearms
 - Level 2.4 Armour
 - Level 2.4 Shields


You had 7 spell levels left.
You didn't know any spells.

Dungeon Overview and Level Annotations

Branches:
Dungeon (5/15)             Temple (1/1) D:4

Altars:
Dithmenos
Elyvilon
Fedhas
Makhleb
Nemelex Xobeh
Okawaru
Qazlal
Ru
Sif Muna
Trog
Vehumet
Xom
Yredelemnul
Zin
The Shining One


Innate Abilities, Weirdness & Mutations

You cannot wear boots.
Your serpentine skin is tough (AC +2).
You have supernaturally acute eyesight.
Armour fits poorly on your strangely shaped body.
Your system is resistant to poisons.
You cover ground very slowly.
You have a slow metabolism.
You can spit poison.


Message History

You hit the ice beast.
The ice beast is almost dead.
You block the ice beast's attack.
You hit the ice beast but do no damage.
The ice beast is almost dead.
The ice beast hits you. The ice beast freezes you!
* * * LOW HITPOINT WARNING * * *
You are too injured to fight recklessly!
You are too injured to fight recklessly!
You are too injured to fight recklessly!
You are too injured to fight recklessly!
You are too injured to fight recklessly!
You are too injured to fight recklessly!
You are too injured to fight recklessly!
You closely miss the ice beast.
The ice beast is almost dead.
The ice beast hits you.
* * * LOW HITPOINT WARNING * * *
The ice beast freezes you!
You die...

##### .######
##............# #.
..............# ..## ##
###............# ...###.
.#########..#### ..#.. ..#
#..# ...###.# #..# ..
#..#..# #.## ... #Y..#
######.##### ##.# ##@##
#.......<....
##...###...###............
#..#..#..#..##...........#
#.###...###.##...........#
#..#.....#..####........(#
#.........## ###......##
#.....##### #..##..#
#........# #.. #..
##...####....#


You could see an ice beast.

Vanquished Creatures
  The ghost of Tux the Magician, an average DEFE (D:4)
  A phantom (D:4)
  An ice beast (D:4)
  3 ogres (D:4)
  2 scorpions (D:5)
  A giant frog skeleton (D:4)
  An orc wizard (D:3)
  An iguana (D:4)
  3 worker ants
  3 adders
  2 oozes (D:4)
  3 adder skeletons (D:4)
  3 worms
  3 giant geckos
  7 orcs
  3 ball pythons
  12 bats
  8 goblins
  4 hobgoblins
  5 quokkas
  3 giant cockroaches
  A giant gecko skeleton (D:4)
  4 giant newts
  9 kobolds
  6 rats
90 creatures vanquished.

Vanquished Creatures (others)
  2 orcs (D:5)
2 creatures vanquished.

Grand Total: 92 creatures vanquished

Notes
Turn   | Place    | Note
--------------------------------------------------------------
     0 | D:1      | kae the Naga Fighter began the quest for the Orb.
     0 | D:1      | Reached XP level 1. HP: 21/21 MP: 1/1
    87 | D:1      | Reached XP level 2. HP: 25/28 MP: 2/2
   699 | D:1      | Reached XP level 3. HP: 26/34 MP: 3/3
  1490 | D:3      | Reached skill level 4 in Polearms
  1601 | D:3      | Reached XP level 4. HP: 39/42 MP: 4/4
  2046 | D:3      | Reached skill level 5 in Polearms
  2129 | D:4      | Noticed an ice beast
  2139 | D:4      | Killed an ice beast
  2139 | D:4      | Reached XP level 5. HP: 11/49 MP: 5/5
  2418 | D:4      | Reached skill level 6 in Polearms
  2470 | D:4      | Noticed a phantom
  2486 | D:4      | Noticed Tux's ghost (average DEFE)
  2494 | D:4      | HP: 1/49 [phantom (8)]
  2502 | D:4      | Killed a phantom
  2502 | D:4      | Reached XP level 6. HP: 29/56 MP: 6/6
  2504 | D:4      | Killed Tux's ghost
  2504 | D:4      | Reached skill level 7 in Polearms
  2854 | D:4      | Noticed an ogre
  2863 | D:4      | Killed an ogre
  2863 | D:4      | Reached XP level 7. HP: 46/62 MP: 7/7
  3101 | D:4      | Noticed an ogre
  3112 | D:4      | HP: 2/62 [ogre/giant club (19)]
  3114 | D:4      | Killed an ogre
  3114 | D:4      | Reached skill level 8 in Polearms
  3417 | D:4      | Noticed an ogre
  3426 | D:4      | Killed an ogre
  3884 | D:4      | Found a staircase to the Ecumenical Temple.
  3909 | Temple   | Entered the Ecumenical Temple
  4337 | D:5      | Entered Level 5 of the Dungeon
  4378 | D:5      | Reached skill level 9 in Polearms
  4378 | D:5      | Reached XP level 8. HP: 58/69 MP: 8/8
  4446 | D:5      | Found a white marble altar of Elyvilon.
  4473 | D:5      | Found a sparkling altar of Nemelex Xobeh.
  4475 | D:5      | Found a stormy altar of Qazlal.
  4705 | D:5      | Slain by an ice beast

Vault maps used:
D:1:      lemuel_arrival_behind_the_door_small
D:3:      first_bread
D:4:      minmay_temple_entry_junction
D:5:      grunt_temple_overflow_open, serial_glass, glass_columns_c,
          glass_columns_a, glass_columns_a, glass_columns_c,
          minmay_strange_pillars, elyvilon_altar_4
Temple:   circular_temple_12

Action                   |  1- 3 |  4- 6 |  7- 9 || total
-------------------------+-------+-------+-------++-------
Melee: Trident           |   155 |   117 |   151 ||   423
 Abil: Spit Poison       |       |       |     3 ||     3
  Use: Potion            |       |     3 |       ||     3
       Scroll            |       |       |     8 ||     8
  Eat: Bread ration      |     1 |       |       ||     1
       Chunk             |       |       |     5 ||     5
